 Dungeon Crawl Stone Soup version 0.21.1-1-g345015fe64 (webtiles) character file.

240 MasterOak the Chopper (level 5, -5/69 HPs)
             Began as a Minotaur Berserker on June 24, 2018.
             Was a Follower of Trog.
             Slain by Eurus's ghost (11 damage)
             ... on level 4 of the Dungeon.
             The game lasted 00:24:28 (2889 turns).

MasterOak the Chopper (Minotaur Berserker)          Turns: 2889, Time: 00:24:29

Health: -5/69      AC:  3    Str: 27    XL:     5   Next: 80%
Magic:  6/6        EV: 11    Int:  4    God:    Trog [*.....]
Gold:   57         SH:  2    Dex:  8    Spells: 7/7 levels left

rFire    + . .     SeeInvis .   t - +0 flail
rCold    . . .     Gourm    .   s - +0 buckler
rNeg     + . .     Faith    .   h - +0 leather armour {rN+}
rPois    .         Spirit   .   (helmet restricted)
rElec    .         Reflect  .   (no cloak)
rCorr    .         Harm     .   (no gloves)
MR       .....     Clarity  +   (no boots) Stlth ..........Rnd*Tele +
                                (no amulet)
HPRegen  0.21/turn              g - ring of teleportation
MPRegen  0.10/turn              (no ring)

@: berserking, very quick
A: retaliatory headbutt, horns 2, clarity, clumsy 1, fire resistance 1, sturdy
frame 1
a: Berserk, Burn Spellbooks, Renounce Religion


You were on level 4 of the Dungeon.
You worshipped Trog.
Trog was aware of your devotion.
You were not hungry.

You visited 1 branch of the dungeon, and saw 4 of its levels.

You collected 57 gold pieces.

Inventory:

Hand Weapons
 a - a +0 hand axe
 e - a +0 short sword
 k - a +0 hand axe
 n - a +0 spear
 t - a +0 flail (weapon)
Missiles
 d - 47 stones (quivered)
 l - 35 arrows
 r - 35 bolts
Armour
 b - a +0 animal skin
 f - a +0 chain mail
 h - a +0 leather armour of positive energy (worn)
 i - a +0 ring mail
 m - a +0 ring mail
 s - a +0 buckler (worn)
 u - a +2 helmet
Jewellery
 g - a ring of teleportation (left hand)
Wands
 p - a wand of flame (25)
 q - a wand of polymorph (10)
Scrolls
 v - a scroll of enchant weapon {unknown}
 w - a scroll of magic mapping {unknown}
Potions
 j - 3 potions of might
Comestibles
 c - 6 rations


   Skills:
 - Level 3.9 Fighting
 + Level 0.4 Short Blades
 + Level 5.7 Axes
 + Level 0.6(3.5) Maces & Flails
 + Level 3.7 Armour
 + Level 2.8 Dodging
 + Level 1.0 Stealth
 * Level 1.5 Spellcasting


You had 7 spell levels left.
You didn't know any spells.

Dungeon Overview and Level Annotations

Branches:
Dungeon (4/15)
 Temple: D:4-7

Altars:

Annotations:
D:4 Eurus's ghost, amateur NaVM


Innate Abilities, Weirdness & Mutations

You reflexively headbutt those who attack you in melee.
You have a pair of horns on your head.
You possess an exceptional clarity of mind.
You are clumsy. (Dex -2)
Your flesh is heat resistant. (rF+)
Your movements are slightly less encumbered by armour. (ER -2)


Message History

You headbutt Eurus's ghost. You sock Eurus's ghost! You headbutt Eurus's ghost!
Eurus's ghost is almost destroyed.
Eurus's ghost hits you.
You barely miss Eurus's ghost. Your headbutt misses Eurus's ghost.
Eurus's ghost is almost destroyed.
Eurus's ghost hits you!
* * * LOW HITPOINT WARNING * * *
You are too berserk!
You barely miss Eurus's ghost. Your headbutt misses Eurus's ghost.
Eurus's ghost is almost destroyed.
Eurus's ghost hits you!
* * * LOW HITPOINT WARNING * * *
You are too berserk!
You barely miss Eurus's ghost.
Eurus's ghost is almost destroyed.
You closely miss Eurus's ghost.
Eurus's ghost is almost destroyed.
Eurus's ghost hits you!
You die...

#. #.###.###†#### ..
..##..# #.# #. #####.##
#.# ## #.# #.# #.#
#.###############
#.####.....)..........
##.>..#################
#####.....#####
#.........@...#
#...#....W###.#
...##.##....# .. #
####.# #... ####. )


You could see Eurus's ghost.

Vanquished Creatures
  A phantom (D:4)
  An orc priest (D:3)
  A worker ant (D:4)
  2 adders
  An ooze (D:2)
  2 worms
  3 dart slugs
  4 orcs (D:3)
  2 ball pythons
  8 goblins
  6 hobgoblins
  8 jackals
  2 quokkas
  5 bats
  3 frilled lizards
  6 kobolds
  8 rats
63 creatures vanquished.

Notes
Turn   | Place    | Note
-------+----------+-------------------------------------------
     0 | D:1      | MasterOak the Minotaur Berserker began the quest for the Orb.
     0 | D:1      | Reached XP level 1. HP: 19/19 MP: 0/0
    75 | D:1      | Gained mutation: Your flesh is heat resistant. (rF+) [potion of mutation]
    75 | D:1      | Gained mutation: You possess an exceptional clarity of mind. [potion of mutation]
    75 | D:1      | Gained mutation: You are clumsy. (Dex -2) [potion of mutation]
    75 | D:1      | Gained mutation: Your movements are slightly less encumbered by armour. (ER -2) [potion of mutation]
   143 | D:1      | Reached XP level 2. HP: 27/27 MP: 1/1
   703 | D:1      | Reached skill level 4 in Axes
  1058 | D:2      | Reached XP level 3. HP: 28/33 MP: 2/2
  2040 | D:3      | Reached XP level 4. HP: 38/40 MP: 4/4
  2142 | D:3      | Reached skill level 1 in Spellcasting
  2146 | D:3      | Reached skill level 5 in Axes
  2323 | D:3      | Reached ** piety under Trog
  2794 | D:4      | Noticed a phantom
  2800 | D:4      | Reached XP level 5. HP: 34/46 MP: 5/5
  2812 | D:4      | Killed a phantom
  2812 | D:4      | Reached skill level 1 in Stealth
  2871 | D:4      | Noticed Eurus's ghost (amateur NaVM)
  2889 | D:4      | Slain by Eurus's ghost

Skill      XL: |  1  2  3  4  5 |
---------------+----------------+-----
Axes           | 4 5 |  5.7
Armour         | 3 |  3.7
Spellcasting   | 1 |  1.5
Stealth        | 1 |  1.0
Fighting       | |  3.9
Short Blades   | |  0.4
Maces & Flails | |  0.6
Dodging        | |  2.8

Action                   |  1- 3 |  4- 6 || total
-------------------------+-------+-------++-------
Melee: Hand axe          |    83 |    17 ||   100
       Headbutt          |    17 |     9 ||    26
       Flail             |       |    35 ||    35
Invok: Berserk           |     2 |     2 ||     4
  Use: Potion            |     2 |     1 ||     3
       Scroll            |     4 |       ||     4
  Eat: Ration            |     2 |     1 ||     3
Armor: Chain mail        |    24 |       ||    24
       Leather armour    |     4 |     8 ||    12
Dodge: Dodged            |    36 |    22 ||    58
